Map: Deathaura LE

Players

ShaDoWn

  • Race: Protoss Protoss
  • Spawn Location: 11:00

TLHarstem (Harstem) - Winner!

  • Race: Protoss Protoss
  • League: Master
  • Spawn Location: 5:00

Event: DreamHack SC2 Masters 2020 Summer Europe

VOD

Have the link to the VOD?

Description

Time

  • Played on: June 26, 2020, 10:35 a.m.
  • Length: 12:05

All games in this series

Show
View Real Time Build Order
Export as new Build Order

ShaDoWn Protoss 

Build Orders:  

Get SALT Encoding   

  1  0:00  Probe  
  12  0:05  Probe  
  14  0:16  Pylon  
  14  0:21  Probe  
  15  0:34  Probe  
  16  0:36  Forge  
  16  0:56  Pylon  
  16  0:59  Pylon  
  16  1:00  Pylon  
  16  1:14  Photon Cannon  
  16  1:17  Pylon  
  16  1:19  Pylon  
  16  1:41  Probe  
  16  1:48  Pylon  
  16  1:49  Probe  
  16  1:53  Gateway  
  17  1:57  Probe  
  17  2:00  Assimilator  
  17  2:06  Probe  
  17  2:08  Assimilator  
  17  2:14  Probe  
  18  2:20  Pylon  
  18  2:22  Probe  
  20  2:34  Probe  
  21  2:37  Pylon  
  21  2:40  Cybernetics Core  
  21  2:41  Zealot  
  23  2:46  Probe  
  24  2:58  Probe  
  25  3:13  Probe  
  25  3:16  Stalker  
  25  3:17  Warp Gate  
  28  3:25  Probe  
  28  3:27  Stargate  
  28  3:37  Nexus  
  28  3:49  Pylon  
  28  3:52  Robotics Facility  
  28  4:02  Oracle  
  28  4:03  Gateway  
  28  4:17  Probe  
  31  4:29  Probe  
  31  4:30  Oracle  
  32  4:34  Gateway  
  32  4:41  Probe  
  36  4:53  Probe  
  36  4:54  Immortal  
  36  4:59  Probe  
  42  5:06  Probe  
  43  5:08  Probe  
  43  5:13  Sentry  
  46  5:16  Probe  
  46  5:18  Probe  
  48  5:26  Pylon, Probe  
  48  5:30  Probe  
  50  5:37  Probe  
  50  5:39  Pylon  
  50  5:41  Protoss Ground Weapons Level 1  
  50  5:42  Probe  
  51  5:45  Probe  
  52  5:52  Observer  
  52  5:53  Probe, Pylon  
  52  5:54  Probe  
  50  6:05  Probe  
  50  6:06  Probe  
  50  6:09  Assimilator  
  50  6:11  Assimilator, Twilight Council  
  52  6:15  Probe  
  52  6:16  Probe  
  53  6:23  Probe  
  53  6:24  Probe  
  54  6:25  Pylon  
  54  6:31  Probe  
  56  6:33  Probe  
  56  6:36  Gateway  
  56  6:38  Gateway  
  58  6:43  Probe  
  58  6:44  Pylon  
  58  6:45  Probe  
  58  6:46  Gateway  
  60  6:47  Gateway  
  60  6:49  Charge  
  60  6:53  Immortal  
  60  6:57  Shield Battery  
  60  6:58  Sentry  
  66  7:12  Gateway  
  66  7:29  Templar Archives  
  66  7:31  Gateway x2  
  66  7:39  Zealot x3  
  66  7:43  Zealot x2  
  76  7:45  Warp Prism  
  78  8:00  Nexus  
  78  8:09  High Templar x4  
  78  8:11  Pylon  
  86  8:14  Archon x2, Pylon  
  86  8:36  High Templar x2, Zealot x2  
  86  8:40  Archon  
  94  8:41  Zealot x4  
  94  8:44  Pylon  
  102  8:54  Warp Prism  
  102  8:58  Pylon  
  102  9:06  Zealot  
  102  9:07  Zealot x3  
  110  9:19  High Templar x2, Zealot x2  
  110  9:22  Probe  
  110  9:23  Archon  
  119  9:28  High Templar x2, Zealot x2  
  127  9:38  Archon  
  127  9:42  Zealot x2  
  127  9:44  Pylon  
  125  10:01  Zealot x4  
  125  10:03  Warp Prism  
  128  10:10  Zealot x4  
  122  10:15  Probe  
  101  10:28  High Templar x3  
  102  10:29  Probe  
  102  10:34  High Templar, Zealot x3  
  102  10:35  Zealot  
  113  10:38  Archon  
  113  10:48  Archon, Probe  
  113  10:54  Assimilator  
  113  10:55  Assimilator  
  114  11:02  High Templar  
  114  11:03  High Templar, Zealot x5  
  128  11:06  Zealot  
  128  11:10  Archon  
  130  11:24  Zealot x3  
  130  11:25  Zealot x2  
  140  11:29  Probe  
  140  11:32  Probe  
  140  11:35  Probe  
  101  11:42  Zealot x3  
  101  11:45  Probe  
  101  11:46  Probe  
  101  11:47  Zealot x6  
  85  11:48  Probe  
Show
View Real Time Build Order
Export as new Build Order

TLHarstem Protoss - Winner!

Build Orders:  

Get SALT Encoding   

  12  0:00  Probe  
  13  0:12  Probe  
  14  0:17  Pylon  
  14  0:24  Probe  
  15  0:32  Probe  
  15  0:37  Gateway  
  15  0:40  Probe  
  16  0:46  Assimilator  
  17  0:51  Probe  
  17  0:55  Assimilator  
  18  1:03  Probe  
  19  1:15  Forge  
  19  1:16  Zealot  
  19  1:51  Probe  
  16  2:01  Probe  
  16  2:09  Probe  
  16  2:14  Cybernetics Core  
  17  2:18  Probe  
  18  2:30  Probe  
  18  2:35  Pylon  
  19  2:41  Pylon  
  19  2:42  Probe  
  20  2:54  Probe  
  20  2:56  Adept, Warp Gate  
  23  2:59  Assimilator  
  23  3:06  Probe  
  24  3:16  Adept  
  24  3:18  Probe  
  25  3:30  Probe  
  26  3:42  Probe  
  26  3:46  Stalker  
  26  3:47  Pylon  
  29  3:54  Probe  
  30  4:10  Nexus  
  30  4:14  Probe  
  33  4:17  Sentry  
  33  4:21  Protoss Ground Weapons Level 1  
  33  4:23  Gateway  
  33  4:27  Probe  
  34  4:39  Probe  
  35  4:51  Stalker  
  35  4:52  Probe, Pylon  
  38  5:02  Twilight Council  
  38  5:04  Probe  
  38  5:15  Stalker  
  38  5:16  Probe  
  41  5:23  Stalker  
  41  5:26  Probe  
  44  5:29  Probe  
  45  5:36  Blink  
  45  5:37  Probe  
  45  5:38  Stalker  
  48  5:45  Probe x2  
  49  5:53  Probe  
  49  5:57  Probe  
  47  6:05  Stalker, Probe  
  47  6:07  Stalker  
  47  6:11  Shield Battery  
  52  6:12  Probe  
  52  6:14  Pylon  
  52  6:17  Probe  
  54  6:24  Probe  
  54  6:25  Phoenix  
  55  6:26  Protoss Ground Weapons Level 2  
  55  6:27  Gateway  
  55  6:29  Sentry  
  55  6:30  Probe  
  55  6:31  Stalker  
  60  6:37  Probe  
  60  6:39  Assimilator  
  61  6:42  Probe  
  61  6:46  Pylon  
  62  6:53  Probe  
  63  6:56  Probe  
  63  7:00  Gateway  
  64  7:05  Pylon  
  64  7:10  Probe  
  64  7:11  Probe  
  66  7:22  Nexus  
  66  7:24  Assimilator  
  66  7:25  Pylon  
  67  7:34  Templar Archives  
  67  7:37  Charge, Probe  
  68  7:38  Gateway  
  68  7:41  Gateway  
  68  7:43  Probe  
  68  7:49  Probe  
  69  7:54  Gateway  
  69  7:55  Gateway  
  69  7:58  Probe  
  70  8:01  Probe  
  71  8:08  Shield Battery  
  71  8:10  Probe  
  72  8:13  Probe  
  72  8:15  Pylon  
  72  8:16  High Templar x2  
  77  8:20  Archon  
  77  8:21  Zealot x2  
  77  8:24  Pylon  
  81  8:27  Probe  
  81  8:30  Probe  
  81  8:31  Pylon  
  83  8:41  High Templar x2  
  87  8:42  Probe  
  87  8:44  Probe  
  87  8:45  Archon  
  89  8:54  Zealot x5  
  89  8:55  Zealot  
  99  8:56  Robotics Facility  
  99  8:58  Probe  
  99  9:00  Probe  
  101  9:08  Photon Cannon  
  101  9:09  Photon Cannon  
  102  9:10  Probe  
  102  9:13  Photon Cannon  
  102  9:16  High Templar x2  
  106  9:18  Probe  
  106  9:21  Pylon  
  106  9:22  Archon  
  107  9:24  Probe x2  
  107  9:26  Pylon  
  109  9:33  Pylon  
  109  9:35  High Templar x2  
  109  9:36  Zealot x3  
  119  9:40  Archon, Pylon  
  119  9:42  Pylon  
  117  9:46  Immortal  
  111  9:53  Zealot x3  
  111  9:58  Zealot x2  
  123  10:02  Assimilator  
  117  10:10  Zealot x3  
  117  10:18  Immortal  
  117  10:19  Zealot x5  
  103  10:24  Probe  
  103  10:27  Probe  
  103  10:31  Assimilator  
  101  10:35  High Templar  
  101  10:36  High Templar  
  101  10:38  Pylon  
  101  10:40  Archon  
  103  10:42  Zealot  
  103  10:47  Shield Battery  
  105  10:50  Shield Battery  
  105  10:53  Shield Battery, Zealot  
  107  10:57  Zealot  
  107  10:58  Shield Battery  
  107  11:02  High Templar x2  
  112  11:08  Archon, Shield Battery, Pylon  
  112  11:09  Probe  
  114  11:11  Zealot x2  
  114  11:16  Stalker  
  114  11:18  Stalker  
  119  11:20  Zealot x2  
  122  11:35  Zealot x4  
  127  11:40  Zealot x3  
  127  11:41  Zealot  
  134  11:48  Probe x2  
  136  11:57  Stalker x2  
  136  11:58  Stalker  
Tags
 
Add a new tag
Caveats
  • Supply blocks, unpowered buildings, or Contaminate may cause inaccurate times.
  • Supply counts are checked every 10 seconds.